 Dungeon Crawl Stone Soup version 0.29-a0-393-g47a863cc1b (webtiles) character file.

Game seed: 2177822332272823272

1638 Tistarix the Insei (level 8, 0/46 HPs)
             Began as a Vine Stalker Monk on May 10, 2022.
             Engulfed by a cloud of poison gas (7 damage)
             ... on level 7 of the Dungeon.
             The game lasted 00:09:34 (6981 turns).

Tistarix the Insei (Vine Stalker Monk)              Turns: 6981, Time: 00:09:35

Health: 0/46       AC:  4    Str: 13    XL:     8   Next: 98%
Magic:  0/9        EV: 12    Int: 15    God:
Gold:   331        SH:  5    Dex: 18    Spells: 4/7 levels left

rFire   + . .      SeeInvis .     - Unarmed
rCold   . . .      Faith    .   x - +0 buckler
rNeg    . . .      Spirit   +   y - +0 leather armour of the Orcish Mines {rF+ Int+3}
rPois   .          Reflect  .   (no helmet)
rElec   .          Harm     .   (no cloak)
rCorr   .          Rampage  .   (no gloves)
Will    +....                   d - +0 pair of boots
Stlth   ++........              (no amulet)
HPRegen 0.95/turn               (no ring)
MPRegen 0.11/turn               (no ring)

@: lethally poisoned (0 -> -32)
A: fangs 3, regeneration 1, magic shield, antimagic bite, no potion heal 2
a: no special abilities


You were on level 7 of the Dungeon.
You visited 1 branch of the dungeon, and saw 7 of its levels.

You collected 331 gold pieces.

Inventory:

Hand Weapons
 a - a +3 hunting sling
   (You found it on level 6 of the Dungeon)
Missiles
 b - 4 boomerangs (quivered)
 u - 5 poisoned darts
Armour
 d - a +0 pair of boots (worn)
   (You found it on level 1 of the Dungeon)
 m - +0 steam dragon scales
   (You found it on level 7 of the Dungeon)
 x - a +0 buckler (worn)
   (You found it on level 5 of the Dungeon)
 y - the +0 leather armour of the Orcish Mines (worn) {rF+ Int+3}
   (You found it on level 6 of the Dungeon)

   Int:       It affects your intelligence (+3).
   rF:        It protects you from fire.
Wands
 v - a wand of digging (4)
   (You took it off Grinder on level 6 of the Dungeon)
Scrolls
 c - 3 scrolls of enchant armour
 e - a scroll of vulnerability {!r}
 h - a scroll of fear {unknown}
 j - 2 scrolls of enchant weapon {unknown}
 k - a scroll of torment {unknown}
 l - 2 scrolls of magic mapping
 s - 2 scrolls of amnesia
Potions
 f - 2 potions of cancellation
 g - 3 potions of degeneration {unknown}
 i - 3 potions of heal wounds {unknown}
 n - 2 potions of haste {unknown}
 p - a potion of lignification {unknown}
 q - a potion of flight {unknown}
 r - 2 potions of attraction {unknown}
 t - a potion of invisibility {unknown}


   Skills:
 - Level 7.0 Fighting
 - Level 2.4 Dodging
 - Level 2.4 Stealth
 + Level 4.3 Shields
 - Level 7.0 Unarmed Combat
 + Level 2.4 Hexes


You had 4 spell levels left.
You knew the following spells:

 Your Spells              Type           Power      Damage    Failure   Level
a - Confusing Touch       Hex            7%         N/A       45%         3

Your spell library contained the following spells:

 Spells                   Type           Power      Damage    Failure   Level
 Foxfire                  Conj/Fire      0%         2x1d4     41%         1
 Corpse Rot               Necr/Air       0%         N/A       56%         2
 Poisonous Vapours        Pois/Air       0%         N/A       56%         2
 Inner Flame              Hex/Fire       3%         N/A       63%         3
 Conjure Flame            Conj/Fire      0%         6-21      80%         3
 Flame Wave               Conj/Fire      0%         2d4       99%         4
 Yara's Violent Unravell  Hex/Tmut       1%         3d3       100%        5
 Enfeeble                 Hex            3%         N/A       100%        7


Dungeon Overview and Level Annotations

Branches:
Dungeon (7/15)             Temple (0/1) D:7

Altars:
Ru

Annotations:
D:3 Terence


Innate Abilities, Weirdness & Mutations

You have razor-sharp teeth.
Your natural rate of healing is unusually fast.
When hurt, damage is shared between your health and your magic reserves.
Your bite disrupts and absorbs the magic of your enemies.
Potions cannot restore your health.


Message History

You are too injured to fight recklessly!
You are too injured to fight recklessly!
You are too injured to fight recklessly!
You are too injured to fight recklessly!
You are too injured to fight recklessly!
You are too injured to fight recklessly!
You are too injured to fight recklessly!
You are too injured to fight recklessly!
You are too injured to fight recklessly!
You are too injured to fight recklessly!
You are too injured to fight recklessly!
You are too injured to fight recklessly!
You are too injured to fight recklessly!
You hit the orc wizard but do no damage.
You bite the orc wizard, but do no damage.
The orc warrior hits you with a +3 hand axe!
* * * LOW HITPOINT WARNING * * *
Unknown command.
The orc wizard's magic is no longer disrupted.
The orc wizard points at you and mumbles some strange words.
The magic dart hits you.
* * * LOW HITPOINT WARNING * * *
You see here 12 gold pieces.
Unknown command.
Okay, then.
Really read
o - a scroll of poison {!r}?
Really read the scroll of poison?
The air fills with toxic fumes!
As you read the scroll of poison {!r}, it crumbles to dust.
The orc warrior closely misses you.
Really stalk into that cloud of poison gas?
Okay, then.
Really stalk into that cloud of poison gas?
Uppercase [Y]es or [N]o only, please.
Really stalk into that cloud of poison gas? [Y]es or [N]o only, please.
Really stalk into that cloud of poison gas?
You are engulfed in poison gas.
You are poisoned.
* * * LOW HITPOINT WARNING * * *
You feel very sick.
The orc warrior attacks as you move away!
The orc warrior barely misses you.
You are engulfed in poison gas.
You are lethally poisoned!
* * * LOW HITPOINT WARNING * * *
* * * LOW HITPOINT WARNING * * *
You feel very sick.
You are engulfed in poison gas.
You are more poisoned.
You die...

####### #.##..###+# ......#
#.##..#.... #####.#
#.##..#.⌠. #. #.#
#.##..'..gg.+! #.#
#>##..#.⌠.g.#.
#####.####.....#.....#.
......†.....§..###+###.######
####...######§§.............#
#.#......§§§§@######§§...#
#...#########§§§o.§o.§...#
##### #§######§§...# #.#
#..)..# #.# ###....... #.#
#.###### #.# #.# ... #.# ..
#.#


You could see an orc warrior and an orc wizard.

Vanquished Creatures
  Grinder (D:6)
  A steam dragon (D:7)
  Menkaure (D:5)
  An ice beast (D:5)
  An ogre (D:5)
  2 necrophages
  A gnoll sergeant (D:7)
  4 scorpions
  2 jellies (D:6)
  2 hounds
  3 orc priests
  Natasha (thrice) (D:3)
  3 iguanas
  An orc wizard (D:6)
  4 gnolls (D:7)
  5 adders
  A shadow imp (D:6)
  A white imp (D:6)
  An ufetubus (D:7)
  2 worms
  3 dart slugs
  17 orcs
  4 ball pythons
  5 bats
  5 endoplasms
  2 giant cockroaches
  8 hobgoblins
  12 jackals
  3 quokkas
  5 frilled lizards
  6 goblins
  5 kobolds
  3 rats
118 creatures vanquished.

Notes
Turn   | Place    | Note
-------+----------+-------------------------------------------
     0 | D:1      | Tistarix the Vine Stalker Monk began the quest for the Orb.
     0 | D:1      | Reached XP level 1. HP: 11/11 MP: 2/2
   322 | D:1      | Reached XP level 2. HP: 16/16 MP: 3/3
  1026 | D:1      | Reached XP level 3. HP: 21/21 MP: 4/4
  2314 | D:3      | Noticed Natasha
  2557 | D:3      | HP: 1/21 [Natasha (3)]
  2558 | D:3      | Killed Natasha
  2559 | D:3      | Gained mutation: Your natural rate of healing is unusually
                  | fast. [Vine Stalker growth]
  2559 | D:3      | Reached XP level 4. HP: 2/25 MP: 0/5
  3183 | D:3      | Reached XP level 5. HP: 28/29 MP: 4/6
  3215 | D:3      | Noticed Natasha
  3229 | D:3      | Killed Natasha
  3266 | D:3      | Noticed Terence
  3308 | D:3      | Noticed Natasha
  3322 | D:3      | Killed Natasha
  3383 | D:3      | Found a faded altar of an unknown god.
  3771 | D:4      | Reached skill level 5 in Unarmed Combat
  3771 | D:4      | Reached XP level 6. HP: 19/35 MP: 2/7
  3876 | D:4      | Reached skill level 5 in Fighting
  4559 | D:5      | Entered Level 5 of the Dungeon
  4610 | D:5      | Reached XP level 7. HP: 16/39 MP: 5/8
  4665 | D:5      | HP: 1/39 [ice beast (4)]
  5185 | D:5      | Found a sacrificial altar of Ru.
  5542 | D:6      | Noticed Menkaure
  5554 | D:5      | HP: 2/40 [Menkaure (12)]
  5559 | D:5      | Killed Menkaure
  5765 | D:6      | Gained mutation: You have razor-sharp teeth. [Vine Stalker
                  | growth]
  5765 | D:6      | Reached XP level 8. HP: 26/45 MP: 9/9
  5922 | D:6      | Noticed Grinder
  5949 | D:6      | Killed Grinder
  6167 | D:6      | Identified the +0 leather armour of the Orcish Mines {rF+
                  | Int+3}
  6185 | D:6      | Learned a level 3 spell: Confusing Touch
  6515 | D:7      | Found a staircase to the Ecumenical Temple.
  6573 | D:7      | Reached skill level 1 in Hexes
  6981 | D:7      | Engulfed by a cloud of poison gas

Illustrated notes

Levels and vault maps discovered:
D:1:      roderic_octagonal_star, layout_loops_ring
D:2:      layout_basic, kennysheep_generic_room_15
D:3:      layout_rooms, serial_rivers, chequers_serial_rivers_large_b,
          chequers_serial_rivers_micro_c, chequers_serial_rivers_large_a,
          chequers_serial_rivers_micro_e, chequers_serial_rivers_micro_a,
          basic_ecumenical_altar, uniq_terence, uniq_natasha
D:4:      layout_basic
D:5:      layout_rooms, mainiacjoe_overflow_six_doors_small,
          serial_co_window_serial, co_window_cross_1, co_window_corner_a,
          co_window_paths_a, co_window_corner_a, co_window_paths_b,
          co_window_corner_a, co_window_paths_a, co_window_paths_b,
          co_window_corner_a, co_window_broadway_a, co_window_broadway_b,
          co_window_corner_b, co_window_unsneaky_path_a, co_window_paths_c,
          glass_columns_a, glass_columns_c, glass_columns_a, glass_columns_a,
          glass_columns_a, chequers_serial_rivers_micro_c,
          minmay_tree_intersection
D:6:      layout_gridville, uniq_menkaure, uniq_grinder
D:7:      layout_loops_ring, minmay_temple_entry_hall, st_stairs_4

Skill      XL: |  1  2  3  4  5  6  7  8 |
---------------+-------------------------+-----
Fighting       | 3 4 5 6 7 |  7.0
Unarmed Combat | 4 5 6 7 |  7.0
Shields        | 4 |  4.3
Hexes          | 2 |  2.4
Dodging        | |  2.4
Stealth        | |  2.4

Action                   |  1- 3 |  4- 6 |  7- 9 || total
-------------------------+-------+-------+-------++-------
Melee: Unarmed           |   134 |   150 |   192 ||   476
       Bite              |    32 |    44 |    71 ||   147
       Punch             |     4 |     2 |     6 ||    12
 Fire: Hunting sling     |       |       |     9 ||     9
Throw: Boomerang         |       |     7 |     4 ||    11
  Use: Potion            |     1 |       |       ||     1
       Scroll            |       |       |     9 ||     9
 Stab: Sleeping          |     8 |     5 |     1 ||    14
Armor: Robe              |    21 |       |       ||    21
       Ring mail         |    37 |    43 |    33 ||   113
       Leather armour    |       |       |     2 ||     2
Dodge: Dodged            |    81 |    72 |    68 ||   221
Block: Buckler           |       |       |    14 ||    14

Table legend: (Time is in decaauts)
 A = Elapsed time spent in this place.
 B = Non-inter-level travel time spent in this place.
 C = Inter-level travel time spent in this place.
 D = Time resting spent in this place.
 E = Time spent auto-exploring this place.
 F = Levels seen in this place.
 G = Mean time per level.
                   A        B        C        D        E       F      G
               +--------+--------+--------+--------+--------+-----+--------+
         Total |   7020 |   6872 |    148 |   1751 |   3921 |   7 | 1002.9 |
       Dungeon |   7020 |   6872 |    148 |   1751 |   3921 |   7 | 1002.9 |
               +--------+--------+--------+--------+--------+-----+--------+

Top non-repeatable levels by time:
     D:2: 1682 daAuts
     D:1: 1362 daAuts
     D:5: 1129 daAuts
     D:4: 794 daAuts
     D:3: 780 daAuts
     D:6: 765 daAuts
     D:7: 507 daAuts
